 Dungeon Crawl Stone Soup version 0.29.1-12-g30fa7ad0bf (webtiles) character file.

Game seed: 17412889997726293348

44 hawla the Chiller (level 4, 0/32 (34) HPs)
             Began as a Meteoran Ice Elementalist on Jan 14, 2023.
             Slain by a necrophage (2 damage)
             ... on level 4 of the Dungeon.
             The game lasted 00:02:47 (548 turns).

hawla the Chiller (Meteoran Ice Elementalist)        Turns: 548, Time: 00:02:47

HP:   0/32 (34)     AC:  3    Str: 14    XL:     4   Next: 8%
MP:   9/9           EV: 12    Int: 17    God:
Gold: 32            SH:  0    Dex: 13    Spells: 6/10 levels left

rFire   . . .      SeeInvis .   (no weapon)
rCold   . . .      Faith    .   (no shield)
rNeg    . . .      Spirit   .   a - +0 robe
rPois   .          Reflect  .   (no helmet)
rElec   .          Harm     .   (no cloak)
rCorr   .          Rampage  .   (no gloves)
Will    .....                   h - +0 pair of boots
Stlth   +.........              e - amulet of magic regeneration
HPRegen 0.10/turn               (no ring)
MPRegen 0.51/turn               (no ring)

@: flying, glowing, drained
A: sense surroundings 1, otherworldly, glowing, explore regen, talons 1, low MP
1, strong 1
a: no special abilities


You were on level 4 of the Dungeon.
You visited 1 branch of the dungeon, and saw 4 of its levels.

You collected 32 gold pieces.

Inventory:

Armour
 a - a +0 robe (worn)
 h - a +0 pair of boots (worn)
Jewellery
 e - an amulet of magic regeneration (around neck)
Scrolls
 d - 2 scrolls of identify {unknown}
Potions
 i - 2 potions of lignification {unknown}
 j - a potion of degeneration {unknown}
 k - 2 potions of attraction {unknown}


   Skills:
 + Level 0.5 Fighting
 + Level 2.6 Dodging
 - Level 1.4 Stealth
 + Level 3.5 Spellcasting
 + Level 5.2 Ice Magic


You had 6 spell levels left.
You knew the following spells:

 Your Spells              Type           Power      Damage    Failure   Level
a - Freeze                Ice            80%        1d9       1%          1
b - Frozen Ramparts       Ice            40%        1d7       6%          3

Your spell library contained the following spells:

 Spells                   Type           Power      Damage    Failure   Level
 Ozocubu's Armour         Ice            20%        N/A       6%          3
 Apportation              Tloc           4%         N/A       17%         1
 Necrotise                Necr           8%         1d4       17%         1
 Summon Small Mammal      Summ           8%         N/A       17%         1
 Hailstorm                Conj/Ice       11%        3d5       50%         4


Dungeon Overview and Level Annotations

Branches:
Dungeon (4/15) Zot: 1850
 Temple: D:4-7

Altars:


Innate Abilities, Weirdness & Mutations

You passively map a small area around you.
You are easily found by Zot.
You glow in the dark.
You regain HP and MP as you explore.
You have sharp toenails.
Your magical capacity is low. (-10% MP)
Your muscles are strong. (Str +4, Int/Dex -1)


Message History

The necrophage hits you.
* * * LOW HITPOINT WARNING * * *
The wall freezes the iguana.
The iguana seems to slow down.
It was a potion of flight.
You feel very buoyant.
You fly up into the air.
The wall freezes the quokka.
The necrophage resists.
The wall freezes the necrophage.
The necrophage hits you.
* * * LOW HITPOINT WARNING * * *
The wall freezes the orc.
You kill the orc!
The wall freezes the quokka.
You have reached level 4!
It was a potion of curing.
You feel better.
The wall freezes the iguana but does no damage.
The iguana hisses menacingly.
The wall freezes the kobold.
You kill the kobold!
The wall freezes the necrophage but does no damage.
The necrophage hits you but does no damage.
A gnoll comes into view. It is wielding a +0 spear.
The wall freezes the quokka.
You kill the quokka!
Casting: Freeze (safe; 1% risk of failure)
Confirm with . or Enter, or press ? or * to list all spells.
Aiming: Freeze (safe; 1% risk of failure)
Press: ? - help, Shift-Dir - straight line, f/p - necrophage
Aim: a necrophage (moderately damaged)
You freeze the necrophage but do no damage.
The necrophage completely resists.
The necrophage resists.
The wall freezes the necrophage.
The necrophage hits you.
You feel drained.
The wall freezes the kobold.
The wall freezes the iguana but does no damage.
It was a potion of mutation.
You feel extremely strange.
You feel less energetic.
You feel stronger.
Your toenails lengthen and sharpen.
The frozen ramparts melt away.
The necrophage hits you.
* * * LOW HITPOINT WARNING * * *
Magic courses through your body. The necrophage hits you.
* * * LOW HITPOINT WARNING * * *
You feel drained.
You die...

, , * , , ,,,
##### * , ,
#...#
...##..J######
......Kln@...#
.......K####.#
#...#...# *,
#..,#...# * #
#...# * <*
#....* ** , ,
..##. , ##., .


You could see a necrophage, an iguana (slow), an endoplasm and 2 kobolds.

Vanquished Creatures
  An adder (D:3)
  A worm (D:3)
  2 dart slugs (D:3)
  3 orcs (D:4)
  2 endoplasms
  A giant cockroach (D:2)
  2 goblins
  2 hobgoblins (D:3)
  2 jackals (D:1)
  2 quokkas
  2 ball pythons
  A bat (D:2)
  A kobold (D:4)
  A rat (D:3)
23 creatures vanquished.

Notes
Turn   | Place    | Note
-------+----------+-------------------------------------------
     0 | D:1      | hawla the Meteoran Ice Elementalist began the quest for the
                  | Orb.
     0 | D:1      | Reached XP level 1. HP: 14/14 MP: 5/5
    45 | D:1      | Reached XP level 2. HP: 15/20 MP: 2/6
   282 | D:3      | Reached skill level 5 in Ice Magic
   282 | D:3      | Reached XP level 3. HP: 21/26 MP: 6/8
   526 | D:4      | Noticed a necrophage
   536 | D:3      | Learned a level 3 spell: Frozen Ramparts
   545 | D:4      | Reached XP level 4. HP: 8/34 MP: 6/10
   547 | D:4      | Gained mutation: Your magical capacity is low. (-10% MP)
                  | [potion of mutation]
   547 | D:4      | Gained mutation: Your muscles are strong. (Str +4, Int/Dex
                  | -1) [potion of mutation]
   547 | D:4      | Gained mutation: You have sharp toenails. [potion of
                  | mutation]
   548 | D:4      | Slain by a necrophage

Illustrated notes

Levels and vault maps discovered:
D:1:      minmay_arrival_stair_chambers, layout_rooms, serial_shops,
          nicolae_shop_behind_doors
D:2:      layout_basic, hellmonk_ecumenical_altar_heavens_door
D:3:      layout_basic, kennysheep_generic_room_4, uniq_terence
D:4:      layout_rooms, gup_ossuary_entry_pyramid,
          nicolae_shop_overcharged_wands

Skill      XL: |  1  2  3 |
---------------+----------+-----
Ice Magic      | 5 |  5.2
Spellcasting   | 3 |  3.5
Fighting       | |  0.5
Dodging        | |  2.6
Stealth        | |  1.4

Action                   |  1- 3 |  4- 6 || total
-------------------------+-------+-------++-------
Melee: Unarmed           |    15 |       ||    15
 Cast: Freeze            |    29 |     1 ||    30
       Frozen Ramparts   |     1 |       ||     1
  Use: Potion            |     1 |     3 ||     4
Armor: Robe              |     7 |     1 ||     8
Dodge: Dodged            |    17 |       ||    17
